amy, neutral female human Ranger ------- |.....| |.....| # ----- |...<.| ## |... | |......# |...----- -------- .| -+-----# |...|++?| ------- |..|(((| .+ # |...|+++| |.....|.|. |(((| .| ### `|...|...|+-|.._..|.-)-|...----.. # #|...--|--..|.....|..G.-|---....| ####|..........|.(.(.|..@.......@@.+ ##|........{.---|---.{...........| ##-..............................| #|...-|---...).......-+---|--...| #|...|...|-------.---| |...|...| #|...|(((| |%%.).-..| |!%%|...| ....|(((| |!..|.|..|--|[!!|...| |...-----+------.----..-----...+ |..............................| -------------------------------- amy the Lookout Experience level: 5 Strength: 17 Dexterity: 11 Constitution: 13 Intelligence: 13 Wisdom: 14 Charisma: 7 Health: 0(36) Energy: 23(23) Def: 13 Gold: 14 Moves: 1285 Dungeon seed: K3zL0ohOIqdBU0L3 Game ID: amy_1466654684 Your Inventory: Coins $ - 14 gold pieces Weapons a - an uncursed +1 dagger b - an uncursed +2 bow (weapon in hand) c - 59 uncursed +2 arrows d - 22 uncursed +0 arrows (in quiver) H - 4 blessed +1 arrows K - 13 uncursed +0 arrows Armor e - an uncursed +2 cloak of displacement (being worn) q - an uncursed +0 dwarvish iron helm (being worn) r - an uncursed +0 pair of iron shoes (being worn) y - an uncursed +0 dwarvish mithril-coat (being worn) Comestibles f - 3 uncursed cram rations o - an uncursed food ration p - an uncursed cram ration u - 3 uncursed eggs Scrolls i - a cursed scroll of stinking cloud N - a cursed scroll of enchant armor Spellbooks t - a cursed spellbook of detect monsters Potions h - 2 uncursed potions of sickness j - an uncursed potion of water B - a cursed potion of restore ability T - an uncursed potion of restore ability Wands g - an uncursed wand of slow monster (0:3) G - an uncursed wand of striking (0:1) Tools k - a cursed brass lantern (lit) (0:642) z - an uncursed +0 pick-axe A - an uncursed tallow candle (0:200) C - an uncursed oil lamp (0:1392) D - 10 blessed tallow candles (0:200) Gems n - an uncursed worthless piece of blue glass Spells and supernatural/magical abilities: Name Level Category Fail Memory W - pray for help -- divine ? -- Your skills at the end: Miscellaneous Skills wands [Basic] Weapon Skills dagger [Basic] bow [Basic] Spellcasting Skills Final Attributes: You were devoutly aligned. You had automatic searching. You were displaced. You are dead. Vanquished creatures: 2 gnome kings 3 gnome lords 3 gnomish wizards a little dog 5 dwarves a giant bat 16 gnomes 2 jackals a fox a newt 2 goblins a grid bug a lichen 39 creatures vanquished. Voluntary challenges: You followed a strict vegan diet. You did not adorn yourself with jewelry or accessories. You used a wielded weapon 6 times, starting on turn 295. You did not apply a unicorn horn. You were illiterate. You never genocided any monsters. You never polymorphed an object. You never changed form. You used no wishes. You never split a pudding. You never wrote Elbereth's name. You never violated your personal moral code. Dungeon overview: The Dungeons of Doom: levels 1 to 2 Level 1 a fountain a long staircase Level 2 a general store, a fountain stairs to The Gnomish Mines The Gnomish Mines: levels 3 to 5 Level 3 stairs to The Dungeons of Doom Level 4 Level 5 <- You were here many shops, a temple to Mercury, some fountains History has recorded: On T:1 you entered the Dungeons of Doom to retrieve the Amulet of Yendor! On T:349 you reached level 2 of The Dungeons of Doom. On T:633 you reached level 1 of The Gnomish Mines. On T:644 you advanced to experience level 2. On T:733 you advanced to experience level 3. On T:774 you advanced to experience level 4. On T:923 you reached level 2 of The Gnomish Mines. On T:999 you advanced to experience level 5. On T:1051 you reached level 3 of The Gnomish Mines. On T:1134 you entered the Minetown temple Score breakdown: Gold: 14 ( 1 points) Experience: 5 levels ( 400 points) Exploration: 5 levels ( 120 points) Discoveries: 5 items ( 250 points) Variety of kills: 13 monsters ( 650 points) Major goal: reached Minetown ( 500 points) Survival: died (score multiplied by 3) Total score: 5763 Latest messages: The door resists! The door opens. "Hello, amy! Welcome to Msowero's general store!" "Will you please leave your pick-axe outside?" You hear water falling on coins. The door resists! The door opens. "Hello, amy! Welcome to Izchak's lighting store!" "Will you please leave your pick-axe outside?" This door is locked. That door is closed. The door opens. You hit the gnome king. The gnome king hurls a purple-red potion! The jar crashes on your head and breaks into shards. Something seems to be holding you. The gnome king punches you! (3x) You can move again. You shoot 2 arrows. The 1st arrow hits the gnome king. The 2nd arrow hits the gnome king! The gnome king punches you! (2x) The arrow hits the gnome king! The gnome king punches you! You die... Final status: Goodbye amy the Ranger, killed by a gnome king... You died in The Gnomish Mines on dungeon level 5 with 5763 points, and 14 pieces of gold, after 1285 moves. You were level 5 with a maximum of 36 hit points when you died.